[Event "*** Titled Tuesday Blitz"]
[Site "Chess.com"]
[Date "2021.03.09"]
[Round "1"]
[White "c_r_e_e_p_e_r"]
[Black "Yaacovn"]
[Result "0-1"]
[WhiteElo "2411"]
[BlackElo "2774"]
[TimeControl "180+1"]
[EndTime "10:07:37 PST"]
[Termination "Yaacovn won by checkmate"]

1. e4 c6 2. Nc3 d5 3. Nf3 dxe4 4. Nxe4 Nf6 5. Qe2 Bg4 6. Nxf6+ gxf6 7. g3 Nd7 8. h3 Bxf3 9. Qxf3 Ne5 10. Qe2 Qd5 11. f4 Qxh1 12. fxe5 O-O-O 13. d3 Qd5 14. exf6 exf6 15.
Be3 Re8 16. O-O-O Bh6 17. Bxh6 Rxe2 18. Bxe2 Qxa2 19. Bg4+ Kb8 20. Bf4+ Ka8 21. Re1 Qa1+ 22. Kd2 Qxb2 23. Bd6 a6 24. Re7 f5 25. Bh5 Qf6 26. Re3 Qxd6 27. Rf3 Qh6+ 28. Rf4 Qxh5 29. g4 Qxh3 30.
Rxf5 Qxg4 31. Rxf7 Qg5+ 32. Kc3 h6 33. Rd7 Qg8 34. Kd2 Qb8 35. Rd4 Qa7 36. Re4 Qb6 37.
Re2 Ka7 38. Kc3 Ra8 39. d4 a5 40. Kd3 Rd8 41. c3 Rg8 42. Ra2 h5 43. Rh2 Qb5+ 44. Ke4 Re8+ 45. Kf4 Rf8+ 46. Kg3 Qc4 47. Rxh5 Qxc3+ 48. Kh4 Qe1+ 49. Kg5 Qe3+ 50. Kg6 Qe8+ 51. Kg5 Qxh5+ 52.
Kxh5 Rd8 53. Kg5 a4 54. d5 cxd5 55. Kf5 d4 56. Ke4 d3 57. Ke3 d2 58. Ke4 d1=Q 59. Ke5 Qd5+ 60. Kf6 Rc8 61. Ke7 Rc7+ 62. Kf6 Rf7+ 63.
Kg6 Qf5+ 64. Kh6 Rf6+ 65. Kg7 Qg5+ 66. Kh7 Ra6 67. Kh8 Rh6# 0-1

[Event "*** Titled Tuesday Blitz"]
[Site "Chess.com"]
[Date "2021.03.09"]
[Round "1"]
[White "Sagar_Raina"]
[Black "Anna_ChessMate"]
[Result "1-0"]
[WhiteElo "2266"]
[BlackElo "2540"]
[TimeControl "180+1"]
[EndTime "10:07:37 PST"]
[Termination "Sagar_Raina won by resignation"]

1. Nf3 d5 2. d4 Nf6 3. c4 c6 4. cxd5 cxd5 5. Bf4 Nc6 6. Nc3 Bf5 7. e3 e6 8. Bd3 Bxd3 9. Qxd3 Bb4 10. O-O O-O 11. Rac1 Rc8 12. a3 Bxc3 13. Rxc3 Ne4 14. Rc2 Qb6 15.
Rfc1 h6 16. b4 Ne7 17. Bc7 Qa6 18. Qxa6 bxa6 19. Ne5 Rfe8 20. f3 Nf6 21. Kf2 g5 22.
g4 Kg7 23. Nd3 h5 24. h3 hxg4 25. hxg4 Nd7 26. Bd6 Rxc2+ 27. Rxc2 Nb6 28. Rc7 Nec8 29. Be5+ Kg6 30. Nc5 Nc4 31. a4 f6 32. Bg3 e5 33.
dxe5 fxe5 34. Nxa6 Nb2 35. a5 d4 36. Nc5 d3 37. Rd7 Re7 38. Rd8 Rc7 39. Bxe5 Rxc5 40.
bxc5 Nd1+ 41. Ke1 Nxe3 42. Rxc8 Nc2+ 43. Kd2 Nb4 44. Bc3 1-0

[Event "*** Titled Tuesday Blitz"]
[Site "Chess.com"]
[Date "2021.03.09"]
[Round "1"]
[White "Michaelson_11"]
[Black "fm_magua"]
[Result "1/2-1/2"]
[WhiteElo "2287"]
[BlackElo "2575"]
[TimeControl "180+1"]
[EndTime "10:07:38 PST"]
[Termination "Game drawn - insufficient material"]

1. e4 c5 2. Nc3 Nc6 3. Bb5 g6 4. Bxc6 dxc6 5. f4 Bg7 6. Nf3 Bg4 7. h3 Bxf3 8. Qxf3 Nf6 9. d3 Nd7 10. e5 e6 11. Ne4 O-O 12. O-O b6 13. Be3 a5 14. c3 a4 15. a3 Qe7 16. Rad1 Rad8 17.
Nd6 b5 18. Qxc6 Bxe5 19. fxe5 Nxe5 20. Qxc5 Qxd6 21. Qxd6 Rxd6 22. Bc5 Rxd3 23. Rxd3 Nxd3 24. Bxf8 Kxf8 25. Rb1 e5 26. Kf1 e4 27. Ke2 f5 28.
Ke3 Ke7 29. Kd4 Kd6 30. Rd1 Nxb2 31. Rb1 Nc4 32. Rxb5 Nxa3 33. Rb6+ Kc7 34. Ra6 Nb5+ 35. Kc4 Nd6+ 36. Kc5 Nb7+ 37. Kd5 e3 38. Rxa4 Nd6 39.
Ra7+ Kb6 40. Ra2 Ne4 41. Kd4 Kb5 42. Re2 Nc5 43. Rxe3 Nb3+ 44. Kd5 Nd2 45. c4+ Kb4 46. Rd3 Ne4 47. Rd1 Nc3+ 48. Kd6 Nxd1 49. c5 Nc3 50. c6 Nb5+ 51. Ke5 Kc5 52. Kf6 Kd6 53. Kg7 Ke6 54.
Kxh7 Kf6 55. h4 f4 56. Kh6 Kf5 57. h5 gxh5 58. Kxh5 Ke4 59. Kg4 Ke3 60. Kf5 Nd6+ 61.
Kg4 Nc8 62. Kh3 Ke4 63. Kg4 Ke3 64. c7 Ke4 65. Kh3 Ne7 66. Kg4 Ke5 67. g3 fxg3 68. Kxg3 Kd6 69. Kf4 Kxc7 1/2-1/2

[Event "*** Titled Tuesday Blitz"]
[Site "Chess.com"]
[Date "2021.03.09"]
[Round "1"]
[White "GM_Crest"]
[Black "drragnar1"]
[Result "1-0"]
[WhiteElo "2792"]
[BlackElo "2418"]
[TimeControl "180+1"]
[EndTime "10:07:39 PST"]
[Termination "GM_Crest won by resignation"]

1. d4 Nf6 2. c4 c5 3. d5 e5 4. Nc3 d6 5. e4 Be7 6. Bd3 O-O 7. h3 Ne8 8. Nf3 Nd7 9. Be3 g6 10. g4 Ng7 11. Qc2 Kh8 12. O-O-O a6 13. a4 Nf6 14. Rdg1 Bd7 15. Nd2 b5 16. cxb5 axb5 17. Bxb5 Bxb5 18. Nxb5 Qa5 19. b3 Rfb8 20. Nc4 Qd8 21. f3 Nd7 22. Nbxd6 Kg8 23. Nb5 Bg5 24.
Bxg5 Qxg5+ 25. Qd2 Qd8 26. Kc2 Nb6 27. Qd3 Nxc4 28. Qxc4 Ne8 29. Ra1 Nd6 30. Qd3 c4 31. bxc4 Nxc4 32. Rhb1 Qa5 33. Kd1 Rc8 34. d6 Qb6 35.
Ke2 Rc6 36. Rc1 Nb2 37. Qe3 Qa6 38. Rxc6 Qxc6 39. Qc3 Nc4 40. Qb4 Nb6 41. Ra2 Qc1 42.
Rd2 Qg1 43. d7 Rd8 44. Qe7 Qg2+ 45. Ke1 Qg1+ 46. Ke2 Qg2+ 47. Kd1 Qf1+ 48. Kc2 Qc4+ 49. Nc3 Qc7 50. Qd6 Qxd6 51. Rxd6 Nc4 52. Rc6 Kf8 53.
Rxc4 1-0

[Event "*** Titled Tuesday Blitz"]
[Site "Chess.com"]
[Date "2021.03.09"]
[Round "1"]
[White "paulrusan"]
[Black "TST2014"]
[Result "0-1"]
[WhiteElo "2325"]
[BlackElo "2628"]
[TimeControl "180+1"]
[EndTime "10:07:39 PST"]
[Termination "TST2014 won on time"]

1. e4 c5 2. b4 d6 3. bxc5 dxc5 4. Nc3 Nc6 5. Nf3 g6 6. Bb5 Bg7 7. Bxc6+ bxc6 8. O-O Nf6 9. h3 O-O 10. Rb1 Ba6 11.
d3 Nd7 12. Bd2 e5 13. Qc1 c4 14. Qa3 Qc8 15. dxc4 Nb6 16. Rfd1 Nxc4 17. Qc5 Re8 18. Be1 Bf8 19. Qxf8+ Rxf8 20. Na4 Rb8 21. Nc5 Rxb1 22. Rxb1 Rd8 23. Bc3 f6 24. g4 Na3 25.
Rb2 Be2 26. Nd2 Nb5 27. Ba5 Rd4 28. f3 h5 29. Kf2 Bc4 30. Nxc4 Rxc4 31. Nd3 Qa6 32.
Bb4 Nd4 33. a3 Rxc2+ 34. Rxc2 Nxc2 35. Nc5 Qc4 36. Nd7 Nxb4 37. Nxf6+ Kf7 38. Nd7 Qd4+ 39.
Kg3 Qxd7 40. gxh5 Nd3 41. hxg6+ Kxg6 42. Kh4 Qe7+ 43. Kg3 Qg5+ 44. Kh2 Nf4 0-1

[Event "*** Titled Tuesday Blitz"]
[Site "Chess.com"]
[Date "2021.03.09"]
[Round "1"]
[White "Pantata007"]
[Black "mbojan"]
[Result "0-1"]
[WhiteElo "2321"]
[BlackElo "2623"]
[TimeControl "180+1"]
[EndTime "10:07:41 PST"]
[Termination "mbojan won on time"]

1. d4 g6 2. e4 Bg7 3. Nc3 d6 4.
Be3 a6 5. Qd2 b5 6. f3 h5 7.
O-O-O c6 8. Bd3 Qc7 9. Kb1 Nf6 10. Nge2 Bb7 11. h3 Nbd7 12. g4 hxg4 13. hxg4 O-O-O 14. Ng3 Nb6 15. g5 Nfd7 16. f4 c5 17. dxc5 Nxc5 18.
Rxh8 Rxh8 19. a3 Nxd3 20. cxd3 Kb8 21. Rc1 Qd8 22. Qf2 Bxc3 23. Bxb6 Qd7 24. Rxc3 Rc8 25. Rxc8+ Qxc8 26. Qc2 Qg4 27. Ne2 Qh3 28. Qd2 Qf1+ 29. Ka2 Qh3 30. Qe3 Qe6+ 31. Kb1 Qb3 32. Nc3 Bc6 33. d4 Qc4 34. d5 Qf1+ 35. Kc2 Bd7 36. Kb3 Qc4+ 37. Kc2 Bg4 38. Ba5 Kc8 39. Qb6 Bf3 0-1

[Event "*** Titled Tuesday Blitz"]
[Site "Chess.com"]
[Date "2021.03.09"]
[Round "1"]
[White "Sanan_Sjugirov"]
[Black "witcher8"]
[Result "1-0"]
[WhiteElo "2894"]
[BlackElo "2457"]
[TimeControl "180+1"]
[EndTime "10:07:42 PST"]
[Termination "Sanan_Sjugirov won by resignation"]

1. d4 Nf6 2. Nf3 g6 3. Bg5 Bg7 4. c3 O-O 5. Nbd2 d5 6. e3 c5 7. Bd3 b6 8. Qe2 Nc6 9. Ne5 Nxe5 10. dxe5 Nd7 11. f4 f6 12. exf6 exf6 13. Bh4 d4 14. e4 dxc3 15. bxc3 g5 16. e5 gxh4 17. Qe4 f5 18. Qxa8 Nxe5 19. fxe5 Qxd3 20. Qf3 Qa6 21. Qf4 Be6 22. c4 Rd8 23. O-O Rd4 24.
Qe3 Bxc4 25. Nxc4 Qxc4 26. Rxf5 Re4 27. Qd2 Qd4+ 28. Qxd4 cxd4 29. Kf2 Bxe5 30. Re1 Rf4+ 31. Rxf4 Bxf4 32. Re4 Be3+ 33. Ke2 Kf7 34. Rxh4 h6 35. Kd3 Ke6 36. Rh5 Kd6 37. h4 Ke6 38.
g4 Kf6 39. a4 a6 40. Rd5 Ke6 41. Rf5 Kd6 42. Ke4 Kc6 43. g5 b5 44. axb5+ axb5 45. g6 1-0

[Event "*** Titled Tuesday Blitz"]
[Site "Chess.com"]
[Date "2021.03.09"]
[Round "1"]
[White "barbara25"]
[Black "Nuvas"]
[Result "0-1"]
[WhiteElo "2253"]
[BlackElo "2560"]
[TimeControl "180+1"]
[EndTime "10:07:43 PST"]
[Termination "Nuvas won by resignation"]

1. e4 c5 2. Nf3 d6 3. d4 cxd4 4.
Nxd4 Nf6 5. Nc3 a6 6. f3 e5 7. Nb3 Be6 8. Be3 h5 9. Qd2 Nbd7 10.
O-O-O Rc8 11. Kb1 Qc7 12. g3 Be7 13. Bd3 b5 14. f4 Nb6 15. f5 Bd7 16. Bxb6 Qxb6 17.
h3 b4 18. Ne2 Bc6 19. Rhe1 Nxe4 20. Bxe4 Bxe4 21. Ned4 Bg2 22. Qxg2 exd4 23. Nxd4 Kf8 24. g4 Bf6 25. Qe4 hxg4 26. hxg4 a5 27. Nf3 Qc6 28.
Qe2 Rh3 29. Rd3 Re8 30. Qxe8+ Qxe8 31. Rxe8+ Kxe8 32. c3 bxc3 33. bxc3 Rg3 34. Kc2 Ke7 35. Re3+ Kd8 36. Rd3 Kc7 37. Nd4 Rxg4 38. Nb5+ Kb6 39. Nxd6 Rf4 40. a3 Kc5 41. Nxf7 Rxf5 42. Nd8 a4 43.
Ne6+ Kb6 44. Nd4 Rc5 45. Ne2 g5 46. Rd6+ Rc6 47. Rxf6 Rxf6 0-1

[Event "*** Titled Tuesday Blitz"]
[Site "Chess.com"]
[Date "2021.03.09"]
[Round "1"]
[White "garicradomir"]
[Black "KruHor"]
[Result "1/2-1/2"]
[WhiteElo "2228"]
[BlackElo "2532"]
[TimeControl "180+1"]
[EndTime "10:07:43 PST"]
[Termination "Game drawn by repetition"]

1. e4 c5 2. Nf3 e6 3. c3 d5 4.
exd5 exd5 5. d4 a6 6. Be3 c4 7.
b3 cxb3 8. axb3 Nc6 9. Bd3 Nf6 10. O-O Bd6 11. Nbd2 O-O 12. h3 Re8 13. Qc2 h6 14. Rae1 Be6 15. Re2 Rc8 16. Qb1 Qd7 17. Rfe1 Ne7 18.
c4 Bxh3 19. c5 Qg4 20. Nh4 Bb8 21. Ndf3 g5 22. Bxg5 hxg5 23. Rxe7 Rxe7 24. Rxe7 gxh4 25. Ne1 Bxg2 26. Bf5 Qg5 27. Nxg2 Ne4 28. Rxe4 dxe4 29. Bxc8 e3 30. fxe3 Qg3 31. Qf5 Qh2+ 32. Kf1 Qh1+ 33. Kf2 Bg3+ 34. Kf3 Qf1+ 35. Kg4 Qxg2 36. Qg5+ Kf8 37.
Qd8+ Kg7 38. Qg5+ Kf8 39. Qh6+ Ke7 40. Qg5+ Ke8 41. Kh5 Qf3+ 42. Bg4 Qc6 43. Qg8+ Ke7 44. Qg5+ Kf8 45. Qd8+ Kg7 46. Qg5+ Kf8 47. Qd8+ Kg7 48. Qg5+ Kf8 1/2-1/2

[Event "*** Titled Tuesday Blitz"]
[Site "Chess.com"]
[Date "2021.03.09"]
[Round "1"]
[White "niki_2003"]
[Black "crazy_but_lazy"]
[Result "0-1"]
[WhiteElo "2039"]
[BlackElo "2500"]
[TimeControl "180+1"]
[EndTime "10:07:43 PST"]
[Termination "crazy_but_lazy won by checkmate"]

1. e4 c5 2. Nf3 d6 3. d4 cxd4 4. Nxd4 Nf6 5. Nc3 a6 6. Bg5 Nbd7 7. Bc4 Qc7 8. Bb3 Qc5 9. f4 h6 10. Bh4 g5 11. Bf2 Qa5 12. O-O gxf4 13. Nf5 Ne5 14. Bd4 e6 15. Bxe5 Qxe5 16. Nh4 Bd7 17. Nf3 Qc5+ 18. Kh1 Be7 19. Qd2 Ng4 20. Nd4 Bg5 21. Nf3 Bc6 22. Na4 Bxa4 23. Bxa4+ b5 24. Bb3 Rd8 25. Nd4 Ne3 26. Rf3 Ke7 27. c4 b4 28.
Re1 Rc8 29. Rc1 Rhd8 30. g3 fxg3 31. Qe1 g2+ 32. Kg1 Qxd4 33. Qf2 Qg7 34. Re1 Rc5 35. Rexe3 Bxe3 36. Qxe3 Rg5 37. Qa7+ Rd7 38. Qxa6 Qd4+ 39. Rf2 Qxf2+ 40. Kxf2 g1=Q+ 41. Kf3 Qf1+ 42. Ke3 Qe1+ 43. Kd4 Qd2# 0-1

[Event "*** Titled Tuesday Blitz"]
[Site "Chess.com"]
[Date "2021.03.09"]
[Round "1"]
[White "Fiona"]
[Black "OriTaichman"]
[Result "0-1"]
[WhiteElo "2202"]
[BlackElo "2531"]
[TimeControl "180+1"]
[EndTime "10:07:44 PST"]
[Termination "OriTaichman won on time"]

1. e4 c5 2. Nc3 Nc6 3. f4 g6 4. Nf3 Bg7 5. Bb5 Nd4 6. O-O Nxb5 7.
Nxb5 d5 8. e5 Bg4 9. h3 Bxf3 10.
Qxf3 a6 11. Nc3 e6 12. d3 Ne7 13. Bd2 h5 14. Kh2 h4 15. Ne2 Qc7 16. c3 Nf5 17. d4 c4 18. g4 hxg3+ 19. Nxg3 Kd7 20. Nxf5 gxf5 21. Rg1 Rag8 22. Rg3 Qb6 23. Rb1 Bf8 24. Qg2 Rxg3 25. Qxg3 Qa5 26. a3 Qa4 27. Qe1 Qc2 28.
Rc1 Qxb2 29. Rb1 Qc2 30. Rxb7+ Kc6 31. Rb1 Qd3 32. Be3 Bxa3 33. Ra1 Bb2 34. Rxa6+ Kb5 35.
Ra2 Bxc3 36. Qf2 Bxd4 37. Re2 Bxe3 38. Rxe3 Qb1 39. Re1 Qb4 40. Re2 c3 41. Rc2 Rg8 42.
Qe2+ Qc4 43. Qe3 d4 44. Qf3 Qd5 45. Qe2+ d3 0-1

[Event "*** Titled Tuesday Blitz"]
[Site "Chess.com"]
[Date "2021.03.09"]
[Round "1"]
[White "Legendinunknown"]
[Black "dennisodessa"]
[Result "1-0"]
[WhiteElo "2643"]
[BlackElo "2343"]
[TimeControl "180+1"]
[EndTime "10:07:45 PST"]
[Termination "Legendinunknown won by checkmate"]

1. d4 Nf6 2. c4 e6 3. Nc3 Bb4 4. f3 d5 5. a3 Bxc3+ 6. bxc3 O-O 7. cxd5 exd5 8. e3 c5 9. Bd3 b6 10. Ne2 Ba6 11. O-O Bxd3 12. Qxd3 Nc6 13. Ng3 Re8 14. Ra2 Qd7 15. Re2 Rad8 16. Bb2 Re6 17. Rfe1 g6 18. Rf1 Rde8 19. e4 dxe4 20. fxe4 Rd6 21. Ref2 Ree6 22. Qc2 cxd4 23. cxd4 Nxd4 24. Bxd4 Rxd4 25. Rxf6 Rxf6 26. Rxf6 Rd2 27. Qc3 Rd1+ 28. Rf1 Rxf1+ 29. Nxf1 Qe6 30. Qd4 a5 31. a4 Qb3 32. h3 h5 33. Ne3 Qb1+ 34. Kh2 Qe1 35. Nd5 Qf1 36. Nf6+ Kf8 37. Qd6+ Kg7 38. Nd5 Qf2 39. e5 h4 40. Qf6+ Qxf6 41.
exf6+ Kf8 42. Nxb6 Ke8 43. Nc4 Kd7 44. Nxa5 Ke6 45. Nc4 Kxf6 46. a5 g5 47. a6 Kf5 48.
a7 g4 49. hxg4+ Kxg4 50. a8=Q f5 51. Qf3+ Kg5 52. Nd6 f4 53. Ne4+ Kf5 54. Kh3 Ke5 55. Kxh4 Kf5 56. Ng3+ Ke5 57. Ne2 Kf5 58. Qxf4+ Ke6 59.
Kg5 Kd5 60. Kf6 Kc6 61. Qd4 Kc7 62. Ke6 Kc6 63. Qc4+ Kb7 64. Kd6 Kb6 65. Qb4+ Ka7 66. Kc6 Ka8 67. Qb7# 1-0

[Event "*** Titled Tuesday Blitz"]
[Site "Chess.com"]
[Date "2021.03.09"]
[Round "1"]
[White "AbdulovOrkhan"]
[Black "1random"]
[Result "1-0"]
[WhiteElo "2393"]
[BlackElo "2617"]
[TimeControl "180+1"]
[EndTime "10:07:46 PST"]
[Termination "AbdulovOrkhan won on time"]

1. e4 f5 2. exf5 Nf6 3. d4 d5 4. Bd3 c5 5. c3 e6 6. fxe6 Bd6 7. Nf3 O-O 8. Ng5 h6 9. Nf7 Qe7 10. Nxd6 Qxe6+ 11. Be3 cxd4 12. Nxc8 dxe3 13. Bf5 exf2+ 14.
Kf1 Qe5 15. Nd2 Nc6 16. Bh3 Ne4 17. Nxe4 dxe4 18. Nd6 Rad8 19. Qb3+ Kh7 20. Nf7 Rxf7 21. Qxf7 e3 22. Qf5+ Qxf5 23. Bxf5+ g6 24. Ke2 gxf5 25. Kxe3 Ne5 26. Kxf2 Rd2+ 27. Ke3 Nc4+ 28. Kf3 Rxb2 29. a4 Kg6 30. Rhd1 a6 31. h3 Kg5 32. Rd8 Rc2 33. Rad1 Rxc3+ 34. Kf2 Rc2+ 35. Kg1 Ne3 36. R1d2 Rc1+ 37.
Kf2 Nc4 38. Rc8 b5 39. axb5 axb5 40. g3 Kf6 41. Rc6+ Kg5 42. h4+ Kh5 43. Rf6 Kg4 44. Rd4+ 1-0

[Event "*** Titled Tuesday Blitz"]
[Site "Chess.com"]
[Date "2021.03.09"]
[Round "1"]
[White "Synctel"]
[Black "Cherone"]
[Result "0-1"]
[WhiteElo "2009"]
[BlackElo "2494"]
[TimeControl "180+1"]
[EndTime "10:07:46 PST"]
[Termination "Cherone won on time"]

1. e4 d6 2. Nc3 Nf6 3. d4 e5 4.
Nf3 Nbd7 5. dxe5 dxe5 6. Bc4 Bb4 7. O-O O-O 8. Nd5 Nxd5 9. Bxd5 c6 10. Bb3 Qc7 11. c3 Be7 12. h3 Nc5 13. Bc2 a5 14.
Bg5 Bxg5 15. Nxg5 f6 16. Nf3 Be6 17. Qe2 b5 18. Rfd1 Rfd8 19. Qe3 Nd7 20. b3 Nf8 21.
Qc5 Bf7 22. Bd3 Ne6 23. Qe3 Nf4 24. Bf1 a4 25. c4 axb3 26. axb3 bxc4 27. Bxc4 Bxc4 28.
bxc4 Ne6 29. Rxa8 Rxa8 30. Qb3 c5 31. Qb5 Nd4 32. Nxd4 cxd4 33. c5 Rc8 34. Rc1 Qc6 35.
Qc4+ Kh8 36. f3 h6 37. Kh2 Kh7 38. Kh1 Rb8 39. Qd5 Rc8 40. Qxc6 Rxc6 41. Kg1 Kg8 42.
Kf2 Kf7 43. Ke2 Ke6 44. Kd3 Kd7 45. Kc4 Ra6 46. Kd5 Ra2 47. c6+ Kc7 48. Rb1 Ra5+ 49.
Ke6 Kxc6 0-1

[Event "*** Titled Tuesday Blitz"]
[Site "Chess.com"]
[Date "2021.03.09"]
[Round "1"]
[White "SaraciNderim"]
[Black "NovikovaGalina"]
[Result "1-0"]
[WhiteElo "2804"]
[BlackElo "2424"]
[TimeControl "180+1"]
[EndTime "10:07:47 PST"]
[Termination "SaraciNderim won by resignation"]

1. d4 d5 2. Nf3 Nc6 3. Bf4 Bf5 4. e3 Nf6 5. Bb5 a6 6. Bxc6+ bxc6 7. O-O e6 8. c4 Bd6 9. Qa4 Qd7 10. Ne5 Bxe5 11.
Bxe5 Ne4 12. f3 Nd6 13. b3 O-O 14. Nd2 Rfb8 15. Rac1 Rb7 16. cxd5 exd5 17. Qxc6 Qxc6 18. Rxc6 Bd7 19. Rc5 Bb5 20. Rfc1 Ne8 21. Bxc7 Nxc7 22. Rxc7 Rxc7 23. Rxc7 g6 24. Rc5 Rd8 25. Kf2 Kg7 26. Nb1 Rd6 27. Nc3 Bc6 28. Ke2 f5 29. Kd3 Kf6 30.
b4 Ke6 31. a4 h6 32. Ra5 Bb7 33. b5 g5 34. Kd2 h5 35. bxa6 Bxa6 36. Nxd5 Bb7 37.
Nc3 g4 38. Re5+ Kf6 39. Ke2 Rb6 40. Nd5+ Bxd5 41. Rxd5 Rb2+ 42. Kf1 h4 43. fxg4 fxg4 44. Rh5 Rb1+ 45. Ke2 Rb2+ 46. Kd3 Rxg2 47. Rxh4 Kg5 48. Rh8 Ra2 49. h4+ gxh3 50. Rxh3 Rxa4 51. Rf3 Ra3+ 52. Ke4 Kg6 53. d5 Kg7 54. d6 Ra5 55. d7 Ra8 56. Ke5 Rd8 57. Ke6 Rxd7 58. Kxd7 1-0

[Event "*** Titled Tuesday Blitz"]
[Site "Chess.com"]
[Date "2021.03.09"]
[Round "1"]
[White "SkippingLaptop"]
[Black "Hypercar"]
[Result "0-1"]
[WhiteElo "2102"]
[BlackElo "2508"]
[TimeControl "180+1"]
[EndTime "10:07:47 PST"]
[Termination "Hypercar won by resignation"]

1. d4 g6 2. c4 Bg7 3. Nc3 c5 4. d5 Bxc3+ 5. bxc3 f5 6. h4 Nf6 7. h5 O-O 8. hxg6 hxg6 9. Bh6 Rf7 10. Nf3 Qa5 11.
Qc2 Ne4 12. Rc1 d6 13. e3 Nd7 14. Ng5 Nxg5 15. Bxg5 Ne5 16. Be2 Bd7 17. f4 Ba4 18. Qb1 Nd7 19. g4 Qb6 20. Qd3 Re8 21. gxf5 Rxf5 22. Bg4 e6 23. dxe6 Rxe6 24. Bxf5 gxf5 25. Qd5 Nf8 26. Qxf5 Qb2 27. O-O Bc6 28. Qg4 Rg6 29.
f5 Rg7 30. f6 Rg6 31. f7+ Kg7 32. Bf6+ Kxf7 33. Bg5+ Kg7 34. Rxf8 Qxc1+ 35. Rf1 Qxc3 36. Qf5 Qxe3+ 37. Kh2 Qxg5 38. Qf8+ Kh7 39. Rf7+ Rg7 40. Rxg7+ Qxg7 41. Qf5+ Kg8 42. Qe6+ Qf7 43. Qg4+ Kf8 44. Qc8+ Ke7 45. Qc7+ Bd7 46. Qxb7 Qf4+ 47. Kg2 Qg4+ 48. Kf2 Qxc4 49. Qxa7 Qf4+ 50. Kg2 c4 51. a4 c3 52. a5 c2 53. Qc7 c1=Q 0-1

[Event "*** Titled Tuesday Blitz"]
[Site "Chess.com"]
[Date "2021.03.09"]
[Round "1"]
[White "ShahMatKanal"]
[Black "jraosam"]
[Result "1-0"]
[WhiteElo "2490"]
[BlackElo "1888"]
[TimeControl "180+1"]
[EndTime "10:07:47 PST"]
[Termination "ShahMatKanal won by resignation"]

1. e4 e6 2. d4 d5 3. exd5 exd5 4. Bd3 c6 5. Ne2 Be6 6. O-O Bd6 7. Nf4 Nf6 8. Nxe6 fxe6 9. Nd2 O-O 10. Nf3 Nbd7 11. Bg5 e5 12. dxe5 Nxe5 13. Nxe5 Bxe5 14.
c3 h6 15. Bh4 Qd6 16. Bg3 Bxg3 17. hxg3 Rad8 18. Qb3 b6 19. Rae1 c5 20. Qa4 Qd7 21. Qh4 d4 22. c4 Rfe8 23. Qf4 Rxe1 24. Rxe1 Re8 25. Rxe8+ Qxe8 26. Qf5 Qe1+ 27. Kh2 h5 28.
f3 Qe3 29. Qg6 Qe8 30. Qg5 Qe7 31. Qf4 Qe6 32. Bf5 Qxc4 33. Qb8+ Kf7 34. Qxa7+ Kf8 35. Qb8+ Ne8 36. Qxb6 Qd5 37. Be4 Qe5 38. Qd8 h4 39. Qxh4 Nf6 40. a4 c4 41. Qh8+ Kf7 42. Qc8 c3 43. bxc3 dxc3 44. Qc4+ Kf8 45. Bg6 Nd5 46.
Qc5+ Ne7 47. Qxe5 c2 48. Qb8+ 1-0

[Event "*** Titled Tuesday Blitz"]
[Site "Chess.com"]
[Date "2021.03.09"]
[Round "1"]
[White "enriquetejedor"]
[Black "PetrolulSah"]
[Result "1-0"]
[WhiteElo "2522"]
[BlackElo "2174"]
[TimeControl "180+1"]
[EndTime "10:07:48 PST"]
[Termination "enriquetejedor won by checkmate"]

1. e4 e5 2. Nf3 Nc6 3. d4 exd4 4. Bc4 Nf6 5. O-O Bc5 6. e5 d5 7.
Bb5 Ne4 8. Nxd4 Bd7 9. Bxc6 bxc6 10. f3 Ng5 11. Be3 Ne6 12. Qd2 Qb8 13. Nb3 Bxe3+ 14.
Qxe3 O-O 15. f4 f5 16. Nc3 Qb6 17. Qxb6 cxb6 18. h4 d4 19. Ne2 c5 20. c4 Bc6 21.
g3 Be4 22. Rad1 a6 23. Nec1 b5 24. Nd2 Rab8 25. b3 Rfd8 26. Rde1 d3 27. Re3 Nd4 28.
g4 Nc2 29. Rg3 b4 30. gxf5 Bxf5 31. Rg5 g6 32. h5 Kf7 33. Rf3 a5 34. h6 a4 35.
bxa4 Ra8 36. Ncb3 Rdc8 37. a5 Nd4 38. Nxd4 cxd4 39. Nb3 Rxc4 40. Rxf5+ gxf5 41. Rxd3 Rc2 42. Rxd4 Rxa2 43. Rd7+ Ke6 44. Nc5# 1-0

[Event "*** Titled Tuesday Blitz"]
[Site "Chess.com"]
[Date "2021.03.09"]
[Round "1"]
[White "arminmusovic"]
[Black "LenkaPtacnikova"]
[Result "1-0"]
[WhiteElo "2508"]
[BlackElo "2106"]
[TimeControl "180+1"]
[EndTime "10:07:48 PST"]
[Termination "arminmusovic won on time"]

1. a3 e5 2. Nc3 d5 3. d4 Nc6 4.
dxe5 d4 5. Ne4 Nxe5 6. Nf3 Nxf3+ 7. exf3 Nf6 8. Bd3 Be7 9. O-O h6 10. Re1 O-O 11. Ng3 Re8 12. b4 a5 13. Bb2 axb4 14.
axb4 Rxa1 15. Qxa1 Bxb4 16. Rxe8+ Nxe8 17. Bxd4 Be6 18. h3 b6 19. Be5 Qd5 20. Be4 Qa2 21. Qd4 Bd6 22. Bc6 Bxe5 23. Qxe5 Nd6 24. c3 Qb1+ 25. Kh2 Qc2 26. Ne4 Nxe4 27. Bxe4 Qxf2 28. Qxc7 g6 29.
Qe5 Qc5 30. Qf4 Kg7 31. Qd2 h5 32. Kh1 Bc4 33. Qf4 Be6 34. Qd2 Bc4 35. Bc2 Be6 36. Bd3 Kf6 37. c4 Ke5 38. Be4 Bxc4 39. Bb7 Be6 40.
Qg5+ Kd6 41. Qd8+ Ke5 42. Qd2 Qd4 43. Qe1+ Kd6 44. Be4 b5 45. Qa5 b4 46. Qd8+ Kc5 47. Qc7+ Kb5 48. Bc6+ Kc4 49. Ba4+ Kd3 50. Bb5+ Ke3 51.
Qc1+ Qd2 52. Qg1+ Qf2 53. Qc1+ Qd2 54. Qc5+ Qd4 55. Qg5+ Kf2 56. Qc1 Qc3 57. Qg1+ Kg3 58. Qh2+ Kf2 59. Bf1 1-0

[Event "*** Titled Tuesday Blitz"]
[Site "Chess.com"]
[Date "2021.03.09"]
[Round "1"]
[White "Oligan22"]
[Black "ChampStan"]
[Result "0-1"]
[WhiteElo "2478"]
[BlackElo "2006"]
[TimeControl "180+1"]
[EndTime "10:07:49 PST"]
[Termination "ChampStan won by checkmate"]

1. d4 Nf6 2. Bf4 g6 3. Nc3 d5 4. e3 Bg7 5. h4 h5 6. Nf3 c5 7.
Nb5 Na6 8. c3 O-O 9. dxc5 Ne4 10.
Be2 Nexc5 11. Ng5 e5 12. Bg3 f6 13. Nf3 Ne4 14. Bh2 Be6 15. Bd3 Nac5 16. O-O Nxd3 17. Qxd3 Qb6 18. a4 a6 19. Na3 Rfd8 20. Rfb1 Bf5 21.
Qe2 Nc5 22. Nc2 Qb3 23. Nfe1 Rac8 24. a5 Bd7 25. Na3 Kh7 26. Nec2 Bf5 27. f3 Bd3 28.
Qd2 Bh6 29. Kh1 Rd7 30. Bg1 Rcd8 31. Qf2 Bf5 32. e4 Nd3 33. Qf1 dxe4 34. fxe4 Bxe4 35.
Qxf6 Nf4 36. Qxe5 Bxg2+ 37. Kh2 Bc6 38. Bd4 Qf7 39. Rf1 Re7 40. Qc5 Re2+ 41. Rf2 Rxf2+ 42. Bxf2 Rd2 43. Rf1 Qd7 44. Qe3 Qg4 45. Nd4 Qg2# 0-1

[Event "*** Titled Tuesday Blitz"]
[Site "Chess.com"]
[Date "2021.03.09"]
[Round "1"]
[White "Vyacheslav_N"]
[Black "Gahan-MG"]
[Result "0-1"]
[WhiteElo "2360"]
[BlackElo "2669"]
[TimeControl "180+1"]
[EndTime "10:07:50 PST"]
[Termination "Gahan-MG won by resignation"]

1. f4 e5 2. fxe5 Nc6 3. Nf3 Bc5 4. c3 d6 5. d4 Bb6 6. exd6 cxd6 7. e4 Nf6 8. Bd3 O-O 9. O-O h6 10. Kh1 Re8 11. Nbd2 Bc7 12. d5 Ne5 13. Nxe5 Rxe5 14. Nc4 Bg4 15. Qd2 Rh5 16. Qf4 Qe7 17. Qg3 Bd7 18. Nd2 Ng4 19. Nf3 Bb6 20. h3 Re8 21. Bf4 Ne5 22. Nxe5 dxe5 23. Bd2 Qd8 24. Qf3 Rh4 25.
Qxf7+ Kh8 26. Rf3 Bc5 27. Raf1 Kh7 28. Rg3 Rg8 29. Qg6+ Kh8 30. b4 Be8 31. Qe6 Bd7 32. Qxe5 Be7 33. Qd4 Bf6 34. Qe3 Bg5 35. Qe2 Bxd2 36.
Qxd2 Qc7 37. Qe3 Qe5 38. Rgf3 Qxc3 39. Bb1 Qxb4 40. Rf7 Be8 41. e5 Bxf7 42. Rxf7 Qxb1+ 43. Kh2 Qg6 44. e6 Rb4 45. d6 Rb2 46. Qg3 Qxe6 47. Re7 Qf6 48. Re4 Rd2 49. Rg4 Qxd6 0-1

[Event "*** Titled Tuesday Blitz"]
[Site "Chess.com"]
[Date "2021.03.09"]
[Round "1"]
[White "NikolaN98"]
[Black "MuhittinBuker"]
[Result "1-0"]
[WhiteElo "2516"]
[BlackElo "2146"]
[TimeControl "180+1"]
[EndTime "10:07:50 PST"]
[Termination "NikolaN98 won by checkmate"]

1. e4 e5 2. Nf3 Nc6 3. Bc4 a6 4. d4 exd4 5. O-O d6 6. Nxd4 Be7 7. Nc3 Nf6 8. Nxc6 bxc6 9. b3 O-O 10. Bb2 Ng4 11. Be2 Ne5 12. f4 Ng6 13. g3 f5 14.
Bf3 fxe4 15. Nxe4 d5 16. Nf2 Bf6 17. Bd4 Bxd4 18. Qxd4 Qf6 19. Qxf6 gxf6 20. c4 Be6 21. Rfe1 Bf7 22. cxd5 cxd5 23. Rac1 Rfc8 24. Rc6 Kg7 25. Rec1 Ra7 26. Bg4 Rd8 27. Rxc7 Rxc7 28. Rxc7 Nf8 29. Nd3 d4 30. Kf2 Kg6 31. Ke2 Bd5 32. Re7 Bc6 33. h4 h5 34. Bf3 Bxf3+ 35. Kxf3 Kf5 36. Rc7 Ne6 37. Ra7 Rc8 38. Rxa6 Nd8 39. Ra5+ Kg6 40. Rc5 Ra8 41. Rc2 Ne6 42. Ke4 Ng7 43. Kxd4 Kf5 44. Ke3 Kg4 45. Kf2 Re8 46. Kg2 Nf5 47. Nf2# 1-0